Map: Lightshade LE

Players

TopFivHotKys - Winner!

  • Race: Protoss Protoss
  • League: Master
  • Spawn Location: 11:00

Зорк

  • Race: Zerg Zerg
  • League: Diamond
  • Spawn Location: 5:00

VOD

Have the link to the VOD?

Description

Time

  • Played on: Nov. 29, 2020, 3:57 a.m.
  • Length: 22:38
Show
View Real Time Build Order
Export as new Build Order

TopFivHotKys Protoss - Winner!

Build Orders:  

Get SALT Encoding   

  12  0:01  Probe  
  13  0:16  Probe  
  14  0:28  Probe  
  14  0:29  Pylon  
  15  0:47  Probe  
  16  0:53  Forge  
  16  0:58  Gateway  
  16  1:03  Probe (Chrono Boost)  
  17  1:15  Probe (Chrono Boost)  
  18  1:21  Assimilator  
  18  1:37  Pylon  
  18  1:38  Pylon  
  18  1:46  Pylon  
  18  1:47  Pylon  
  18  2:08  Photon Cannon  
  17  2:10  Photon Cannon x2  
  17  2:13  Pylon  
  17  2:19  Photon Cannon  
  17  2:25  Gateway  
  16  2:39  Probe  
  17  2:47  Assimilator  
  17  2:49  Zealot (Chrono Boost)  
  19  2:51  Assimilator  
  19  3:01  Cybernetics Core  
  19  3:12  Zealot (Chrono Boost)  
  19  3:19  Photon Cannon  
  21  3:20  Probe  
  22  3:32  Probe  
  23  3:38  Zealot (Chrono Boost)  
  25  3:44  Probe  
  25  3:48  Pylon  
  26  3:52  Zealot (Chrono Boost)  
  24  4:13  Protoss Ground Weapons Level 1 (Chrono Boost), Probe  
  25  4:19  Zealot  
  27  4:25  Probe  
  28  4:37  Probe  
  29  4:46  Zealot  
  31  5:01  Nexus  
  31  5:25  Pylon  
  31  5:28  Pylon  
  31  5:43  Zealot, Probe  
  34  5:55  Probe  
  35  5:59  Stargate  
  35  6:00  Stargate  
  35  6:01  Photon Cannon  
  35  6:10  Pylon  
  35  6:17  Probe x2  
  37  6:29  Assimilator, Probe x2  
  37  6:31  Assimilator  
  39  6:41  Probe  
  39  6:42  Probe  
  41  7:09  Phoenix x2 (Chrono Boost)  
  35  7:23  Stargate  
  35  7:24  Pylon x2  
  35  7:29  Pylon  
  35  7:32  Phoenix (Chrono Boost)  
  35  7:36  Zealot  
  39  7:41  Phoenix (Chrono Boost)  
  41  7:46  Pylon  
  41  7:48  Phoenix  
  43  7:53  Photon Cannon  
  43  7:54  Probe (Chrono Boost)  
  43  7:58  Probe (Chrono Boost)  
  45  8:04  Zealot  
  48  8:06  Probe (Chrono Boost)  
  48  8:08  Probe (Chrono Boost)  
  49  8:16  Shield Battery  
  48  8:21  Pylon  
  39  8:28  Void Ray  
  39  8:39  Probe  
  44  8:54  Photon Cannon  
  44  9:00  Probe (Chrono Boost)  
  44  9:01  Probe (Chrono Boost)  
  46  9:13  Probe x2 (Chrono Boost)  
  48  9:22  Probe (Chrono Boost)  
  48  9:24  Zealot  
  51  9:37  Phoenix x2  
  55  9:51  Zealot  
  57  9:55  Void Ray  
  57  9:56  Void Ray  
  65  10:24  Void Ray  
  69  10:38  Probe  
  69  10:39  Probe  
  75  10:50  Probe  
  75  10:51  Probe  
  73  11:02  Probe  
  73  11:03  Probe  
  69  11:15  Oracle x3  
  74  11:20  Gateway  
  74  11:21  Zealot  
  74  11:22  Gateway  
  74  11:24  Twilight Council  
  76  11:52  Oracle x2  
  78  12:17  Oracle  
  79  12:29  Oracle, Zealot  
  85  12:30  Oracle, Zealot  
  85  12:31  Charge (Chrono Boost)  
  85  12:34  Gateway  
  85  12:37  Zealot  
  85  12:40  Probe  
  85  12:43  Pylon  
  88  12:54  Oracle  
  88  12:56  Zealot  
  88  12:57  Zealot  
  95  13:04  Zealot  
  97  13:06  Oracle  
  97  13:07  Oracle  
  103  13:18  Pylon  
  103  13:24  Zealot x2 (Chrono Boost)  
  107  13:28  Pylon  
  107  13:31  Pylon, Oracle  
  108  13:44  Oracle x2  
  114  13:51  Zealot x2 (Chrono Boost)  
  114  13:55  Pylon, Zealot (Chrono Boost)  
  122  13:56  Pylon  
  122  13:57  Zealot (Chrono Boost)  
  122  14:15  Nexus  
  122  14:16  Zealot  
  124  14:33  Oracle x3  
  89  15:21  Oracle x3  
  89  15:25  Zealot x2  
  89  15:26  Zealot x2  
  106  15:48  Probe x3  
  109  15:52  Zealot  
  109  15:53  Zealot x3  
  109  15:56  Pylon  
  117  15:57  Pylon  
  117  16:00  Pylon, Probe x3  
  120  16:12  Probe  
  121  16:21  Photon Cannon  
  121  16:23  Photon Cannon  
  121  16:25  Photon Cannon  
  121  16:27  Photon Cannon  
  121  16:28  Shield Battery  
  86  17:06  Oracle x3  
  86  17:07  Zealot x3  
  97  17:13  Assimilator  
  97  17:15  Assimilator  
  95  17:18  Shield Battery  
  95  17:22  Blink  
  95  17:24  Gateway  
  95  17:25  Gateway  
  95  17:31  Probe  
  95  17:32  Probe  
  95  17:34  Zealot x3  
  95  17:35  Pylon  
  103  17:58  Pylon  
  103  17:59  Robotics Facility  
  103  18:00  Robotics Facility  
Show
View Real Time Build Order
Export as new Build Order

Зорк Zerg 

Build Orders: Hatch First 

Get SALT Encoding   

  12  0:00  Drone  
  13  0:08  Drone  
  14  0:33  Hatchery  
  13  0:36  Drone  
  14  0:44  Overlord  
  14  0:50  Extractor, Drone  
  14  1:06  Spawning Pool  
  14  1:10  Drone  
  14  1:16  Drone  
  15  1:18  Drone  
  16  1:28  Drone  
  17  1:34  Drone  
  18  1:57  Queen  
  18  1:58  Metabolic Boost  
  20  2:05  Zergling x4  
  20  2:45  Zergling x2  
  20  2:46  Zergling x10  
  20  3:05  Zergling x4  
  18  3:17  Overlord  
  18  3:24  Zergling x6  
  20  3:28  Zergling x2  
  20  3:30  Zergling x2  
  20  3:37  Drone  
  20  3:38  Drone  
  21  4:05  Zergling x2  
  21  4:06  Zergling x10  
  25  4:16  Queen  
  27  4:46  Drone x6  
  33  5:02  Extractor, Drone x2  
  33  5:03  Drone  
  35  5:11  Overlord  
  35  5:12  Overlord x2  
  35  5:28  Lair  
  35  5:31  Drone x3  
  35  5:32  Drone  
  39  5:36  Drone  
  39  5:39  Drone  
  41  5:57  Drone x6  
  47  6:04  Evolution Chamber x2  
  47  6:09  Drone x2  
  47  6:15  Spore Crawler  
  46  6:18  Spore Crawler  
  46  6:23  Drone x3  
  48  6:36  Nydus Network  
  48  6:38  Zergling x8  
  51  6:42  Zerg Melee Weapons Level 1  
  51  6:47  Zerg Ground Armor Level 1  
  44  7:21  Zergling x20  
  51  7:25  Queen  
  51  7:26  Queen  
  55  7:31  Spine Crawler  
  55  7:36  Spine Crawler  
  53  7:37  Zergling x2  
  53  7:38  Zergling x2  
  53  7:42  Overlord  
  55  7:49  Nydus Canal  
  55  7:53  Zergling x8  
  55  7:58  Zergling x2  
  60  8:00  Overlord  
  60  8:03  Zergling x2  
  57  8:34  Drone x12  
  62  8:37  Spore Crawler  
  62  8:39  Spore Crawler  
  54  8:56  Hatchery  
  54  8:58  Drone x5  
  58  9:14  Zergling x12  
  64  9:28  Spore Crawler  
  63  9:32  Spore Crawler  
  62  9:46  Overlord x3  
  62  9:53  Zerg Ground Armor Level 2, Zerg Missile Weapons Level 1  
  62  9:54  Hatchery  
  59  10:02  Spore Crawler  
  59  10:06  Spore Crawler  
  56  10:22  Extractor x2  
  54  10:32  Queen  
  54  10:33  Queen  
  56  11:20  Hatchery  
  56  11:21  Hydralisk Den  
  54  11:26  Drone x13  
  54  11:29  Queen  
  54  11:30  Queen  
  71  11:43  Drone x14  
  71  11:47  Drone x3  
  79  12:29  Hydralisk x2  
  83  12:31  Overlord x7  
  83  12:36  Drone  
  84  12:38  Hatchery  
  84  12:43  Hatchery, Spore Crawler  
  81  12:47  Spore Crawler x2  
  79  12:51  Spine Crawler  
  79  12:59  Spore Crawler  
  78  13:10  Hydralisk x6  
  78  13:12  Pneumatized Carapace  
  90  13:20  Queen  
  90  13:22  Hydralisk x4  
  90  13:23  Hydralisk  
  102  13:57  Drone x8  
  102  14:00  Extractor x2  
  102  14:01  Spore Crawler  
  107  14:04  Spine Crawler  
  106  14:14  Muscular Augments  
  106  14:15  Zerg Missile Weapons Level 2  
  106  14:18  Infestation Pit  
  106  14:20  Hatchery  
  104  14:25  Overseer  
  104  14:33  Hydralisk x11  
  96  14:53  Zergling x2  
  96  14:54  Zergling x26  
  70  15:18  Hydralisk x6  
  70  15:25  Grooved Spines, Hydralisk  
  71  15:38  Hydralisk  
  71  15:40  Zergling x2  
  74  15:55  Spore Crawler  
  73  16:00  Spine Crawler  
  73  16:02  Spine Crawler  
  71  16:17  Hydralisk x5  
  81  16:28  Hydralisk x2  
  75  16:49  Hydralisk x4  
  63  17:02  Hydralisk  
  63  17:29  Hatchery  
Tags
 
Add a new tag
Caveats
  • Supply blocks, unpowered buildings, or Contaminate may cause inaccurate times.
  • Supply counts are checked every 10 seconds.